 Dungeon Crawl Stone Soup version 0.27-a0-543-gd81048afd2 (webtiles) character file.

Game seed: 1737106139779461719

56 Leibowitz the Skirmisher (level 3, 0/60 HPs)
             Began as an Ogre Berserker on Mar 7, 2021.
             Was a Believer of Trog.
             Slain by a gnoll
             ... wielding a +0 flail
              (11 damage)
             ... on level 3 of the Dungeon.
             The game lasted 00:03:04 (2033 turns).

Leibowitz the Skirmisher (Ogre Berserker)           Turns: 2033, Time: 00:03:05

Health: 0/60       AC:  3    Str: 28    XL:     3   Next: 95%
Magic:  3/3        EV: 10    Int:  8    God:    Trog [**....]
Gold:   75         SH:  0    Dex:  8    Spells: 2/2 levels left

rFire    . . .     SeeInvis .   a - +0 spear
rCold    . . .     Faith    .   (no shield)
rNeg     . . .     Spirit   .   b - +0 animal skin
rPois    .         Reflect  .   (helmet restricted)
rElec    .         Harm     .   (no cloak)
rCorr    .         Rampage  .   (gloves unavailable)
Will     .....                  (boots unavailable)
Stlth    ..........             (no amulet)
HPRegen  0.20/turn              f - +6 ring of strength
MPRegen  0.08/turn              n - +4 ring of slaying

@: berserking, very quick
A: large, unfitting armour, tough skin 1
a: Renounce Religion, Berserk, Trog's Hand


You were on level 3 of the Dungeon.
You worshipped Trog.
Trog was pleased with you.
You visited 1 branch of the dungeon, and saw 3 of its levels.

You collected 75 gold pieces.

Inventory:

Hand Weapons
 a - a +0 spear (weapon)
Armour
 b - a +0 animal skin (worn)
Jewellery
 f - a +6 ring of strength (left hand)
 j - a ring of resist corrosion
 n - a +4 ring of slaying (right hand)
Scrolls
 c - a scroll of blinking {unknown}
 d - 4 scrolls of identify {unknown}
 e - 2 scrolls of teleportation {unknown}
 l - 2 scrolls of amnesia {unknown}
Potions
 g - a potion of invisibility {unknown}
 h - a potion of berserk rage {unknown}
 i - a potion of mutation {unknown}
 k - a potion of haste {unknown}
 m - a potion of brilliance {unknown}


   Skills:
 + Level 4.7 Fighting
 + Level 3.5 Polearms
 + Level 3.3 Dodging
 + Level 0.4 Stealth


You had 2 spell levels left.
You didn't know any spells.
Your spell library was empty.

Dungeon Overview and Level Annotations

Branches:
Dungeon (3/15)

Altars:


Innate Abilities, Weirdness & Mutations

You are too large for most types of armour.
You have tough skin. (AC +1)


Message History

You see here a frilled lizard corpse.
Found 18 arrows.
Found a stone staircase leading down.
Found a falchion.
A gnoll comes into view. It is wielding a +0 halberd.
The gnoll shouts!
You hear a shout!
A gnoll comes into view.
You hear a shout!
A gnoll comes into view. It is wielding a +0 club.
The gnoll shouts!
The gnoll moves out of view.
A gnoll comes into view. It is wielding a +0 flail.
The gnoll hits you from afar with a +0 halberd.
The gnoll hits you with a +0 halberd!
You hit the gnoll.
The gnoll is heavily wounded.
The gnoll barely misses you.
You hit the gnoll.
The gnoll is severely wounded.
You hit the gnoll.
The gnoll is lightly wounded.
You barely miss the gnoll.
The gnoll is lightly wounded.
The gnoll hits you from afar with a +0 halberd.
The gnoll closely misses you.
You closely miss the gnoll.
The gnoll is lightly wounded.
The gnoll hits you from afar with a +0 halberd!
The gnoll hits you with a +0 flail.
* * * LOW HITPOINT WARNING * * *
You closely miss the gnoll.
The gnoll is lightly wounded.
The gnoll hits you from afar with a +0 halberd.
* * * LOW HITPOINT WARNING * * *
A red film seems to cover your vision as you go berserk!
You feel yourself moving faster!
You feel mighty! The gnoll hits you but does no damage.
You puncture the gnoll!
The gnoll is heavily wounded.
The gnoll barely misses you. The gnoll hits you with a +0 flail!
You die...

...#.###....# #..#.#
#.##.#
#..#.###.##.###
..............#
#....#.#..#.#.#
#.#.....).#.#.#
#.#...##..#.#.#
#.#.>.....#.#.#####g#
#.#######.#.....@ggg#
#.#######.###.#######
#.........# #.#
#.######### #.# ..#
###


You could see 4 gnolls.

Vanquished Creatures
  An adder (D:2)
  A dart slug (D:1)
  A leopard gecko (D:1)
  A ball python (D:1)
  10 bats
  4 giant cockroaches (D:1)
  A goblin (D:2)
  4 hobgoblins
  7 jackals (D:2)
  2 frilled lizards
  4 kobolds
  5 rats
41 creatures vanquished.

Vanquished Creatures (others)
  A plant (D:2)
1 creature vanquished.

Grand Total: 42 creatures vanquished

Notes
Turn   | Place    | Note
-------+----------+-------------------------------------------
     0 | D:1      | Leibowitz the Ogre Berserker began the quest for the Orb.
     0 | D:1      | Reached XP level 1. HP: 24/24 MP: 1/1
    79 | D:1      | Reached XP level 2. HP: 27/33 MP: 2/2
   800 | D:1      | Reached XP level 3. HP: 38/40 MP: 3/3
  1120 | D:2      | Reached ** piety under Trog
  1378 | D:2      | Found a faded altar of an unknown god.
  2033 | D:3      | Slain by a gnoll

Illustrated notes

Levels and vault maps discovered:
D:1:      lightli_iron_boxes, layout_basic
D:2:      layout_basic, chequers_ecumenical_altar_simple_redux,
          minmay_misc_feat_columns, serial_bayou_pond_b
D:3:      layout_basic, lemuel_coloured_pillars_altar,
          pdpol_wu_jian_five_deadly_venoms, gammafunk_ghost_smash

Skill      XL: |  1  2 |
---------------+-------+-----
Dodging        | 3 |  3.3
Fighting       | |  4.7
Polearms       | |  3.5
Stealth        | |  0.4

Action                   || total
-------------------------++-------
Melee: Spear             ||   134
Invok: Berserk           ||     1
 Stab: Sleeping          ||     2
Armor: Animal skin       ||    53
Dodge: Dodged            ||    68

Table legend: (Time is in decaauts)
 A = Elapsed time spent in this place.
 B = Non-inter-level travel time spent in this place.
 C = Inter-level travel time spent in this place.
 D = Time resting spent in this place.
 E = Time spent auto-exploring this place.
 F = Levels seen in this place.
 G = Mean time per level.
                   A        B        C        D        E       F      G
               +--------+--------+--------+--------+--------+-----+--------+
         Total |   2029 |   1987 |     42 |      0 |   1642 |   3 |  676.3 |
       Dungeon |   2029 |   1987 |     42 |      0 |   1642 |   3 |  676.3 |
               +--------+--------+--------+--------+--------+-----+--------+

Top non-repeatable levels by time:
     D:1: 964 daAuts
     D:2: 944 daAuts
     D:3: 120 daAuts
